 Dungeon Crawl Stone Soup version 0.32-a0-42-ga30500b4d3 (webtiles) character file.

Game seed: 16421383596771981350

730 grandjackal the Grave Robber (level 7, -13/56 HPs)
             Began as a Demonspawn Necromancer on Jan 28, 2024.
             Was an Initiate of Yredelemnul.
             Killed by nerve-wracking pain
             ... invoked by Grinder
              (14 damage)
             ... while paralysed by Grinder
             ... on level 4 of the Dungeon on Jan 29, 2024.
             The game lasted 00:07:14 (3500 turns).

grandjackal the Grave Robber (DsNe)                 Turns: 3500, Time: 00:07:14

Health: -13/56     AC:  7    Str:  9    XL:     7   Next: 44%
Magic:  10/10      EV:  2    Int: 15    God:    Yredelemnul [......]
Gold:   48         SH:  0    Dex: 15    Spells: 2/10 levels left

rFire   . . .        c - +0 dagger (drain)
rCold   . . .        f - orb {light}
rNeg    . . .        p - +1 ring mail {rPois}
rPois   +            (no helmet)
rElec   .            (no cloak)
rCorr   .            o - +0 pair of gloves
SInv    .            (no boots)
Will    .....        (no amulet)
Stlth   +            (no ring)
HPRegen 0.29/turn    (no ring)
MPRegen 0.12/turn

%: no passive effects
@: paralysed, mighty, agile, glowing
A: hooves 2, powered by pain 1, demonic magic 2
a: Renounce Religion, Recall Undead Harvest


You were on level 4 of the Dungeon.
You worshipped Yredelemnul.
Yredelemnul was noncommittal.
You visited 2 branches of the dungeon, and saw 5 of its levels.

You collected 191 gold pieces.
You spent 143 gold pieces at shops.

Inventory:

Hand Weapons
 c - a +0 dagger of draining (weapon)
Armour
 f - an orb of light (worn)
 o - a +0 pair of gloves (worn)
 p - a +1 ring mail of poison resistance (worn)
Jewellery
 a - a ring of protection from fire
Wands
 q - a wand of polymorph (11)
Scrolls
 e - 3 scrolls of amnesia {unknown}
 g - a scroll of immolation {unknown}
 h - 4 scrolls of identify {unknown}
 j - a scroll of enchant weapon {unknown}
 m - a scroll of teleportation {unknown}
Potions
 b - a potion of magic
 d - 2 potions of haste {unknown}
 i - a potion of cancellation {unknown}
 k - 3 potions of might {unknown}
 l - a potion of invisibility {unknown}
 n - a potion of mutation {unknown}


   Skills:
 + Level 5.3 Fighting
 - Level 3.0 Armour
 - Level 2.0 Dodging
 - Level 2.0 Stealth
 - Level 2.0 Spellcasting
 + Level 6.3 Necromancy
 + Level 2.3 Invocations


You had 2 spell levels left.
You knew the following spells:

 Your Spells              Type           Power      Damage    Failure   Level
a - Necrotise             Necr           80%        1d8       4%          1
b - Vampiric Draining     Necr           20%        2d7       13%         3
c - Animate Dead          Necr           20%        N/A       38%         4

Your spell library contained the following spells:

 Spells                   Type           Power      Damage    Failure   Level
 Curse of Agony           Necr           20%        N/A       75%         5
 Hailstorm                Conj/Ice       1%         3d5       86%         3
 Summon Ice Beast         Ice/Summ       1%         N/A       86%         3
 Sculpt Simulacrum        Ice/Alch       0%         N/A       100%        6


Dungeon Overview and Level Annotations

Branches:
Dungeon (4/15)             Temple (1/1) D:4

Altars:
Ashenzari
Cheibriados
Fedhas
Gozag
Hepliaklqana
Kikubaaqudgha
Makhleb
Nemelex Xobeh
Okawaru
Qazlal
Ru
Sif Muna
Uskayaw
Vehumet
Xom
Yredelemnul

Shops:
D:3 [

Annotations:
D:4 2 runed translucent doors, Grinder


Innate Abilities, Weirdness & Mutations

You have hoof-like feet.
You sometimes gain a little power by taking damage.
Spells you cast may paralyse nearby enemies.


Message History

* * * LOW HITPOINT WARNING * * *
You hit Dowan. You drain Dowan. Your kick misses Dowan.
Dowan is almost dead.
Dowan hits you with a +0 dagger.
* * * LOW HITPOINT WARNING * * *
Dowan casts a spell at you. The shard of ice misses you.
Unknown command.
You puncture Dowan!
You kill Dowan!
The dead are walking!
Grinder gestures at you. You resist with significant effort.
Unknown command.
You hit Grinder.
Grinder is lightly wounded.
Grinder hits you but does no damage.
You hit Grinder. You kick Grinder!
Grinder is moderately wounded.
Grinder gestures at you.
You struggle to resist.
Dowan hits Grinder.
You hit Grinder. You kick Grinder.
Grinder is heavily wounded.
Grinder gestures at you.
You suddenly lose the ability to move!
Dowan barely misses Grinder.
Grinder hits you.
* * * LOW HITPOINT WARNING * * *
You writhe in agony.
* * * LOW HITPOINT WARNING * * *
Dowan hits Grinder.
Grinder hits you but does no damage.
Dowan hits Grinder.
Grinder hits you.
* * * LOW HITPOINT WARNING * * *
You writhe in agony.
* * * LOW HITPOINT WARNING * * *
Grinder gestures at you. Pain shoots through your body!
You die...
Grinder says, "Hey, I wasn't done torturing you yet!"
Your body rises from the dead as a mindless zombie.

## #.......##..# .#
###.......##.#
.###.[...>...').#
.##..#(......##.#
.##.##.......##.#
.##.#####+#####.#
................##
###############.Z###+#
# ##@5...######
###..##8)(8#
##.#8....8 #.+K.....
#.+...... #.#8$...8
#Z##8)[8#
#ยง...ooeJ######
#o.#####e.e....


You could see Grinder (ally target), a kobold brigand and the friendly Dowan the
elf zombie.

Vanquished Creatures
  Sigmund (D:3)
  Duvessa (D:4)
  An ogre (D:3)
  Blork the orc (D:4)
  Dowan (D:4)
  A hound (D:4)
  An orc priest (D:4)
  An iguana (D:4)
  2 orc wizards
  A sleepcap (D:4)
  6 adders
  2 dart slugs
  A ribbon worm (D:3)
  6 orcs
  4 endoplasms
  3 giant cockroaches
  4 goblins
  4 hobgoblins
  5 jackals
  A quokka (D:2)
  5 ball pythons
  3 bats
  3 frilled lizards
  3 kobolds
  4 rats
65 creatures vanquished.

Vanquished Creatures (others)
  2 orc zombies (D:4)
  A jackal zombie (D:4)
  A kobold zombie (D:4)
4 creatures vanquished.

Grand Total: 69 creatures vanquished

Notes
Turn   | Place    | Note
-------+----------+-------------------------------------------
     0 | D:1      | grandjackal the Demonspawn Necromancer began the quest for
                  | the Orb.
     0 | D:1      | Reached XP level 1. HP: 13/13 MP: 3/3
   184 | D:1      | Found a faded altar of an unknown god.
   310 | D:1      | Gained mutation: You sometimes gain a little power by
                  | taking damage. [demonic ancestry]
   310 | D:1      | Reached XP level 2. HP: 5/20 MP: 5/5
  1074 | D:2      | Reached skill level 1 in Fighting
  1263 | D:2      | Gained mutation: You have large cloven feet. [demonic
                  | ancestry]
  1263 | D:2      | Reached XP level 3. HP: 24/26 MP: 4/6
  1292 | D:2      | You fall into a shaft and drop 2 floors!
  1354 | D:4      | Found a hazy altar of Hepliaklqana.
  1385 | D:3      | Reached skill level 5 in Necromancy
  1481 | D:2      | Learned a level 3 spell: Vampiric Draining
  1531 | D:2      | Reached skill level 1 in Armour
  1531 | D:2      | Gained mutation: Spells you cast may paralyse adjacent
                  | enemies. [demonic ancestry]
  1531 | D:2      | Reached XP level 4. HP: 28/33 MP: 7/7
  2293 | D:3      | Noticed Sigmund
  2315 | D:3      | Killed Sigmund
  2316 | D:3      | Reached XP level 5. HP: 42/42 MP: 6/8
  2437 | D:3      | Gained mutation: Spells you cast may paralyse nearby
                  | enemies. [demonic ancestry]
  2437 | D:3      | Reached XP level 6. HP: 48/48 MP: 9/9
  2674 | D:3      | Found Riofri's Armour Shoppe.
  2681 | D:3      | Bought a +1 ring mail of poison resistance for 143 gold
                  | pieces
  3301 | D:4      | Found a staircase to the Ecumenical Temple.
  3301 | D:4      | Noticed Blork the orc
  3309 | D:4      | Killed Blork the orc
  3320 | D:4      | Gained mutation: You have hoof-like feet. [demonic
                  | ancestry]
  3320 | D:4      | Reached XP level 7. HP: 44/55 MP: 6/10
  3327 | Temple   | Entered the Ecumenical Temple
  3389 | Temple   | Learned a level 4 spell: Animate Dead
  3398 | Temple   | Became a worshipper of Yredelemnul the Dark
  3432 | D:4      | Reached skill level 5 in Fighting
  3432 | D:4      | Reached skill level 6 in Necromancy
  3443 | D:4      | Found a large runed translucent door.
  3443 | D:4      | Found a large runed translucent door.
  3447 | D:4      | Noticed a steam dragon
  3451 | D:4      | Noticed Dowan
  3451 | D:4      | Noticed Duvessa
  3453 | D:4      | Noticed Grinder
  3482 | D:4      | Killed Duvessa
  3483 | D:4      | Reached skill level 1 in Invocations
  3493 | D:4      | Killed Dowan
  3496 | D:4      | Paralysed by Grinder for 5 turns
  3499 | D:4      | HP: 1/56 [Grinder (4)]
  3500 | D:4      | Killed from afar by Grinder

Illustrated notes

Levels and vault maps discovered:
D:1:      lemuel_arrival_funnel, layout_basic, dreamdust_ecumenical_altar_grove
D:2:      layout_basic, serial_curves, eino_curves_03, eino_curves_03
D:3:      layout_loops_ring, serial_shops, shop_fountains, uniq_sigmund
D:4:      cheibrodos_quashed, layout_loops_ring, tso_oasis_becter,
          mainiacjoe_overflow_alcove_1, temple_green, st_stairs_4,
          minmay_hollow_rounded_squares, uniq_blork_the_orc, uniq_duvessa,
          uniq_grinder
Temple:   nicolae_temple_x_marks_the_god

Skill      XL: |  1  2  3  4  5  6  7 |
---------------+----------------------+-----
Dodging        | 2 |  2.0
Stealth        | 2 |  2.0
Fighting       | 1 2 3 4 5 |  5.3
Necromancy     | 5 6 |  6.3
Armour         | 1 2 3 |  3.0
Invocations    | 2 |  2.3
Spellcasting   | |  2.0

Action                     |  1- 3 |  4- 6 |  7- 9 || total
---------------------------+-------+-------+-------++-------
  Melee: Dagger            |    58 |    80 |    47 ||   185
         Kick              |     5 |    37 |    16 ||    58
   Cast: Necrotise         |    11 |    11 |       ||    22
   Stab: Sleeping          |     3 |       |       ||     3
         Paralysed         |       |     9 |       ||     9
 Armour: Robe              |    31 |    18 |       ||    49
         Ring mail         |       |    29 |    31 ||    60
  Dodge: Dodged            |    33 |    41 |    14 ||    88

Table legend: (Time is in decaauts)
 A = Elapsed time spent in this place.
 B = Non-inter-level travel time spent in this place.
 C = Inter-level travel time spent in this place.
 D = Time resting spent in this place.
 E = Time spent auto-exploring this place.
 F = Levels seen in this place.
 G = Mean time per level.
                   A        B        C        D        E       F      G
               +--------+--------+--------+--------+--------+-----+--------+
         Total |   3500 |   3366 |    134 |    246 |   2438 |   5 |  700.0 |
       Dungeon |   3418 |   3294 |    124 |    228 |   2438 |   4 |  854.5 |
        Temple |     81 |     71 |     10 |     18 |      0 |   1 |   81.0 |
               +--------+--------+--------+--------+--------+-----+--------+

Top non-repeatable levels by time:
     D:2: 1115 daAuts
     D:1: 1069 daAuts
     D:3: 839 daAuts
     D:4: 393 daAuts
  Temple: 81 daAuts
